 Dungeon Crawl Stone Soup version 0.17-a0-1763-g847a857 (webtiles) character file.

1760 Gorice the Cruncher (level 8, -4/58 HPs)
             Began as a Mummy Wanderer on Sept 4, 2015.
             Was an Initiate of Okawaru.
             Slain by an ogre
             ... wielding a +0 giant club
              (16 damage)
             ... on level 6 of the Dungeon on Sept 5, 2015.
             The game lasted 00:37:09 (8130 turns).

Gorice the Cruncher (Mummy Wanderer)                Turns: 8130, Time: 00:37:10

Health: -4/58      AC: 12    Str: 15    XL:     8   Next: 79%
Magic:  8/8        EV:  6    Int: 15    God:    Okawaru [......]
Gold:   352        SH:  0    Dex: 10    Spells: 0 memorised, 7 levels left

rFire  x . .     SeeInvis .     a - +2 quarterstaff
rCold  + . .     Clarity  .     p - +0 chain mail
rNeg   + + +     SustAt   .     (no shield)
rPois  ∞         Gourm    .     v - +0 helmet
rElec  .         Spirit   .     (no cloak)
rCorr  .         Warding  .     w - +0 pair of gloves
rMut   .         Stasis   .     y - +0 pair of boots (curse)
MR     +....                    (no amulet)
Stlth  ..........               (no ring)
                                (no ring)

@: somewhat resistant to hostile enchantments, extremely unstealthy
A: no food or potions, fire vulnerability, cold resistance 1, negative energy
resistance 3, torment resistance, unbreathing
a: Renounce Religion


You were on level 6 of the Dungeon.
You worshipped Okawaru.
Okawaru was noncommittal.
You were not hungry.

You visited 2 branches of the dungeon, and saw 7 of its levels.

You collected 352 gold pieces.

Inventory:

Hand weapons
 a - a +2 quarterstaff (weapon)
 b - a +0 hunting sling
 d - a +0 dagger
 q - a +0 halberd
 u - a +2 spear of flaming
   (You took it off Robin on level 3 of the Dungeon)
Missiles
 k - 11 curare-tipped needles
 r - 12 poisoned needles
 t - 4 tomahawks (quivered)
 Z - 94 stones
Armour
 h - a +1 ring mail
 p - a +0 chain mail (worn)
 v - a +0 helmet (worn)
 w - a +0 pair of gloves (worn)
 y - a cursed +0 pair of boots (worn)
Jewellery
 g - an uncursed ring of teleportation
Magical devices
 o - a wand of frost (4)
Scrolls
 e - 6 scrolls of remove curse
 j - 3 scrolls of enchant armour
 l - 2 scrolls of teleportation {!r}
 m - a scroll of immolation {!r}
 x - a scroll of magic mapping {!r}


   Skills:
 - Level 3.0 Fighting
   Level 1.0 Long Blades
 * Level 9.0 Staves
 - Level 1.0 Throwing
 + Level 3.9 Armour
 - Level 1.5 Stealth


You had 7 spell levels left.
You didn't know any spells.

Dungeon Overview and Level Annotations

Branches:
Dungeon (6/15)             Temple (1/1) D:4

Altars:
Ashenzari
Cheibriados
Dithmenos
Fedhas
Gozag
Kikubaaqudgha
Makhleb
Nemelex Xobeh
Okawaru
Ru
Yredelemnul
Zin
The Shining One

Annotations:
D:2 Natasha
D:4 Sigmund


Innate Abilities, Weirdness & Mutations

You do not eat or drink.
Your flesh is vulnerable to fire.
You are immune to poison.
Your flesh is cold resistant.
You are immune to negative energy.
You are immune to unholy pain and torment.
You can survive without breathing.


Message History

You closely miss the giant frog.
The giant frog is severely wounded.
The giant frog hits you.
Damage: 1 (max 4)
You hit the giant frog.
You kill the giant frog!
Okawaru accepts your kill.
Your Staves skill increases to level 9!
No target in view!
No target in view!
You start resting.
Throwing (i - inventory. (,) - cycle):
t - 8 tomahawks (quivered)
Press: ? - help, Shift-Dir - straight line, f - ogre
Aim: an ogre, wielding a giant club (hasn't noticed you)
You throw a tomahawk. The ogre shouts!
The tomahawk hits the ogre but does no damage.
Throwing (i - inventory. (,) - cycle):
t - 7 tomahawks (quivered)
Press: ? - help, Shift-Dir - straight line, f/p - ogre
Aim: an ogre, wielding a giant club You throw a tomahawk.
The tomahawk hits the ogre.
The ogre is lightly wounded.
Throwing (i - inventory. (,) - cycle):
t - 6 tomahawks (quivered)
Press: ? - help, Shift-Dir - straight line, f/p - ogre
Aim: an ogre, wielding a giant club (lightly wounded)
You throw a tomahawk. The tomahawk barely misses the ogre.
Throwing (i - inventory. (,) - cycle):
t - 5 tomahawks (quivered)
Press: ? - help, Shift-Dir - straight line, f/p - ogre
Aim: an ogre, wielding a giant club (lightly wounded)
You throw a tomahawk. The tomahawk hits the ogre.
The ogre is moderately wounded.
You hit the ogre.
The ogre is moderately wounded.
The ogre hits you with a giant club!!
Damage: 22 (max 22)
Your chain mail prevents you from hitting the ogre.
The ogre is moderately wounded.
The ogre hits you with a giant club!!
* * * LOW HITPOINT WARNING * * *
Damage: 28 (max 28)
You are too injured to fight recklessly!
You are too injured to fight recklessly!
You are too injured to fight recklessly!
You are too injured to fight recklessly!
You are too injured to fight recklessly!
You hit the ogre but do no damage.
The ogre is moderately wounded.
You see here a tomahawk.
The ogre hits you with a giant club!
You die...

# #....## ........ #.
#.....# #........
#.####...#.## #........
#.#.#.#.#..# #........
.........(<# #........
##.#.#.#.#.(# ##.......
#........>.(# #........
.#.#.#O#.##(####........
#.......@.......#........
#.#.#.#.#.##.##..........
............##.........
#.#.#.#.##..##.#.......
.....#..................
..... #..........#.......
.... #..........###.....
... #..........##.)....
...##...


You could see an ogre.

Vanquished Creatures
  A two-headed ogre (D:4)
  A yak (D:6)
  An orc warrior (D:6)
  An ogre (D:5)
  A sky beast (D:6)
  A necrophage (D:6)
  An ice beast (D:5)
  2 giant frogs
  A scorpion (D:5)
  A crimson imp (D:5)
  A jelly (D:6)
  An iguana (D:3)
  7 orc priests
  A hound (D:3)
  5 orc wizards
  Jessica (D:2)
  4 worker ants
  Robin (D:3)
  A gnoll (D:1)
  7 adders
  A shadow imp (D:5)
  An adder zombie (D:5)
  2 oozes
  2 worms (D:2)
  2 giant geckos
  29 orcs
  9 bats
  6 giant cockroaches
  14 goblins
  10 hobgoblins
  8 jackals
  8 kobolds
  5 quokkas
  A ball python (D:4)
  2 giant newts
  7 rats
147 creatures vanquished.

Vanquished Creatures (others)
  5 toadstools (D:1)
5 creatures vanquished.

Grand Total: 152 creatures vanquished

Notes
Turn   | Place    | Note
--------------------------------------------------------------
     0 | D:1      | Gorice the Mummy Wanderer began the quest for the Orb.
     0 | D:1      | Gorice set off with: a +2 quarterstaff, 2 scrolls of teleportation {!r}, a +0 robe, a +0 dagger
     0 | D:1      | Reached XP level 1. HP: 18/18 MP: 1/1
   218 | D:1      | Reached skill level 3 in Staves
   218 | D:1      | Reached XP level 2. HP: 21/24 MP: 2/2
   849 | D:1      | Reached XP level 3. HP: 27/29 MP: 3/3
  1250 | D:2      | Noticed Jessica
  1450 | D:2      | Killed Jessica
  1450 | D:2      | Reached skill level 4 in Staves
  1450 | D:2      | Reached XP level 4. HP: 28/35 MP: 4/4
  1730 | D:2      | Noticed Natasha
  2228 | D:3      | Reached XP level 5. HP: 41/41 MP: 5/5
  2520 | D:3      | Reached skill level 5 in Staves
  2784 | D:3      | HP: 12/41 [iguana (4)]
  3165 | D:3      | Found a glowing silver altar of Zin.
  3518 | D:4      | Noticed Sigmund
  3525 | D:3      | Reached XP level 6. HP: 42/47 MP: 6/6
  3598 | D:3      | Reached skill level 6 in Staves
  3879 | D:4      | Noticed a two-headed ogre
  3881 | D:4      | --WTF: 2 headed ogre in D4!
  4030 | D:4      | Noticed Robin
  4043 | D:3      | Killed Robin
  4122 | D:4      | Found a staircase to the Ecumenical Temple.
  4133 | Temple   | Entered the Ecumenical Temple
  4142 | Temple   | Reached skill level 1 in Armour
  4323 | D:4      | Reached XP level 7. HP: 52/52 MP: 7/7
  4454 | D:4      | Found a burning altar of Makhleb.
  4454 | D:4      | Found a blossoming altar of Fedhas.
  4573 | D:5      | Entered Level 5 of the Dungeon
  4686 | D:5      | Found an opulent altar of Gozag.
  5076 | D:5      | Reached skill level 7 in Staves
  5120 | D:5      | Found a glowing golden altar of the Shining One.
  5541 | D:6      | Reached skill level 2 in Armour
  6140 | D:5      | Reached XP level 8. HP: 58/58 MP: 8/8
  6375 | D:6      | Reached skill level 8 in Staves
  6718 | D:4      | Killed a two-headed ogre
  6718 | D:4      | Reached skill level 3 in Armour
  6885 | D:2      | Found an iron altar of Okawaru.
  6889 | D:2      | Became a worshipper of Warmaster Okawaru
  6898 | D:2      | Found a snail-covered altar of Cheibriados.
  6984 | D:5      | HP: 6/58 [ogre/giant club (16)]
  7511 | D:6      | Noticed a yak
  7540 | D:6      | Killed a yak
  7675 | D:5      | Found a sacrificial altar of Ru.
  7707 | D:6      | Noticed a yak
  7707 | D:6      | Noticed a yak
  7764 | D:5      | HP: 16/58 [yak (6)]
  8050 | D:6      | Reached skill level 9 in Staves
  8094 | D:6      | HP: 5/58 [ogre/giant club (28)]
  8130 | D:6      | Slain by an ogre

Vault maps used:
D:1:      ldierk_walled_garden
D:2:      amethyst_overflow_temple_binary, first_bread, uniq_natasha,
          uniq_jessica
D:3:      zin_academy, uniq_robin
D:4:      gammafunk_temple_overflow_wave, minmay_temple_entry_nine_rooms,
          uniq_sigmund
D:5:      nicolae_overflow_hidden_temple, grunt_gozag_statues,
          nicolae_tso_carved_into_rock
D:6:      st_stairs_9, fedhas_altar_1, uniq_menkaure
Temple:   nicolae_temple_hex_pool_5

Action                   |  1- 3 |  4- 6 |  7- 9 || total
-------------------------+-------+-------+-------++-------
Melee: Quarterstaff      |    90 |   196 |   214 ||   500
 Fire: Hunting sling     |    23 |    49 |       ||    72
Throw: Tomahawk          |       |     4 |    21 ||    25
       Throwing net      |       |     1 |     1 ||     2
Evoke: Wand              |       |     2 |     1 ||     3
  Use: Scroll            |     1 |     4 |     4 ||     9

Table legend:
 A = Turns spent in this place as a percentage of turns spent in the entire game.
 B = Non-inter-level travel turns spent in this place as a percentage of non-inter-level travel turns spent in the entire game.
 C = Inter-level travel turns spent in this place as a percentage of turns spent in this place.
 D = Turns resting spent in this place as a percentage of non-inter-level travel turns spent in this place.
 E = Turns spent auto-exploring this place as a percentage of non-inter-level travel turns spent in this place.
 F = Non-inter-level travel turns spent in this place divided by the number of levels of this place that you've seen.
                   A       B       C       D       E      F
               +-------+-------+-------+-------+-------+----------------------
         Total | 100.0 | 100.0 |   0.8 |   4.0 |   4.5 | 374.0
       Dungeon |  98.0 |  98.1 |   0.8 |   4.0 |   4.4 | 427.8
        Temple |   2.0 |   1.9 |   1.9 |   3.9 |  11.8 |  51.0
               +-------+-------+-------+-------+-------+----------------------

Vault maps used:
D:1:      ldierk_walled_garden
D:2:      amethyst_overflow_temple_binary, first_bread, uniq_natasha,
          uniq_jessica
D:3:      zin_academy, uniq_robin
D:4:      gammafunk_temple_overflow_wave, minmay_temple_entry_nine_rooms,
          uniq_sigmund
D:5:      nicolae_overflow_hidden_temple, grunt_gozag_statues,
          nicolae_tso_carved_into_rock
D:6:      st_stairs_9, fedhas_altar_1, uniq_menkaure
Temple:   nicolae_temple_hex_pool_5
